Map: Proxima Station LE

Players

PtitDrogo - Winner!

  • Race: Protoss Protoss
  • Spawn Location: 1:00

Zanster

  • Race: Zerg Zerg
  • Spawn Location: 7:00

Event: WCS Jonkoping 2017

VOD

Have the link to the VOD?

Description

Time

  • Played on: June 17, 2017, 10:33 a.m.
  • Length: 10:04

All games in this series

Show
View Real Time Build Order
Export as new Build Order

PtitDrogo Protoss - Winner!

Build Orders: 1 Gate Expand, Zealot Archon, Dark Templar Rush 

Get SALT Encoding   

  12  0:01  Probe (Chrono Boost)  
  13  0:11  Probe (Chrono Boost)  
  14  0:17  Pylon  
  14  0:22  Probe (Chrono Boost)  
  15  0:35  Probe (Chrono Boost)  
  16  0:38  Gateway  
  16  0:45  Probe (Chrono Boost)  
  16  0:47  Assimilator  
  17  0:56  Probe (Chrono Boost)  
  18  1:06  Probe (Chrono Boost)  
  19  1:20  Nexus  
  19  1:24  Probe (Chrono Boost)  
  20  1:33  Cybernetics Core  
  20  1:38  Probe (Chrono Boost)  
  21  1:43  Assimilator  
  21  1:52  Probe (Chrono Boost)  
  21  1:53  Pylon  
  22  2:03  Probe (Chrono Boost)  
  23  2:10  Warp Gate  
  23  2:12  Adept (Chrono Boost)  
  23  2:14  Probe  
  26  2:24  Twilight Council  
  26  2:26  Probe  
  27  2:30  Pylon  
  27  2:38  Probe  
  27  2:39  Probe, Stalker (Chrono Boost)  
  31  2:49  Probe  
  31  2:50  Probe  
  33  3:00  Robotics Facility  
  33  3:01  Probe (Chrono Boost)  
  33  3:02  Probe (Chrono Boost)  
  35  3:12  Probe (Chrono Boost)  
  36  3:13  Probe (Chrono Boost)  
  37  3:23  Probe (Chrono Boost)  
  37  3:24  Probe (Chrono Boost)  
  37  3:25  Dark Shrine  
  39  3:31  Gateway  
  39  3:33  Probe (Chrono Boost)  
  40  3:34  Probe (Chrono Boost)  
  40  3:36  Pylon  
  41  3:42  Mothership Core (Chrono Boost)  
  41  3:46  Pylon, Probe (Chrono Boost)  
  44  3:50  Warp Prism (Chrono Boost)  
  46  3:58  Probe  
  46  4:00  Probe  
  46  4:01  Assimilator  
  48  4:04  Assimilator  
  48  4:10  Probe  
  48  4:11  Probe  
  48  4:12  Gateway  
  48  4:14  Gateway  
  50  4:22  Probe x2  
  52  4:32  Pylon, Probe  
  52  4:33  Observer (Chrono Boost)  
  52  4:34  Probe  
  55  4:38  Dark Templar x2  
  55  4:43  Probe  
  55  4:45  Pylon  
  60  4:46  Probe  
  61  4:54  Probe  
  61  4:58  Probe  
  63  5:01  Nexus  
  63  5:03  Archon  
  63  5:04  Pylon  
  63  5:11  Dark Templar x2  
  63  5:12  Probe  
  63  5:13  Probe  
  69  5:15  Archon  
  73  5:21  Immortal (Chrono Boost)  
  73  5:22  Probe  
  73  5:25  Pylon  
  74  5:33  Probe  
  75  5:35  Forge, Probe, Sentry x2  
  80  5:45  Probe  
  80  5:49  Charge (Chrono Boost)  
  81  5:51  Immortal (Chrono Boost)  
  81  5:53  Probe  
  86  5:57  Probe  
  86  6:02  Gateway x2  
  87  6:04  Gateway  
  87  6:06  Probe  
  87  6:09  Probe  
  89  6:19  Probe  
  89  6:20  Probe  
  89  6:21  Probe  
  89  6:22  Assimilator  
  89  6:23  Pylon  
  89  6:24  Assimilator  
  92  6:29  Templar Archives  
  92  6:30  Immortal  
  92  6:31  Probe  
  93  6:36  Protoss Ground Weapons Level 1 (Chrono Boost)  
  93  6:39  Probe  
  99  6:40  Probe  
  99  6:43  Photon Cannon  
  99  6:46  Probe  
  100  6:52  Probe  
  101  6:55  Pylon  
  101  6:56  Psionic Storm  
  101  6:57  Probe  
  101  6:58  Pylon  
  101  6:59  Zealot x4  
  110  7:04  Immortal  
  110  7:15  High Templar x2  
  118  7:16  High Templar  
  118  7:21  Gateway  
  118  7:22  Gateway  
  120  7:28  Robotics Facility  
  120  7:38  Immortal  
  124  7:45  High Templar  
  124  7:46  Zealot x3  
  124  7:50  Pylon  
  132  7:57  Pylon  
  132  7:59  Pylon  
  132  8:02  Pylon  
  132  8:07  Pylon  
  132  8:12  Immortal  
  132  8:13  High Templar x2  
  132  8:14  Zealot x2  
  132  8:18  Immortal  
  148  8:21  Archon  
  148  8:27  High Templar x2  
  148  8:28  Zealot x3  
  148  8:30  Nexus  
  148  8:32  Archon  
  148  8:33  Pylon  
  158  8:35  Pylon  
  158  8:36  Dark Templar  
  158  8:44  Dark Templar  
  158  8:45  Zealot x2  
  158  8:48  Immortal  
  164  8:50  Archon  
  168  8:56  Pylon  
  168  8:58  Pylon  
  168  9:01  Zealot x4  
  165  9:15  Dark Templar  
  165  9:17  Zealot x2, High Templar x2  
  169  9:19  Photon Cannon x2  
  169  9:20  Archon  
  169  9:21  Photon Cannon  
  169  9:24  Zealot, Pylon  
  173  9:41  High Templar x2  
  173  9:43  Probe  
  170  9:47  Zealot x5  
Show
View Real Time Build Order
Export as new Build Order

Zanster Zerg 

Build Orders: Hatch First 

Get SALT Encoding   

  12  0:01  Drone  
  13  0:12  Overlord  
  13  0:17  Drone  
  14  0:31  Drone  
  14  0:32  Drone  
  14  0:34  Drone  
  17  0:53  Hatchery  
  17  0:55  Drone  
  17  0:59  Drone  
  18  1:10  Extractor  
  17  1:14  Spawning Pool  
  17  1:16  Drone  
  17  1:20  Drone  
  18  1:29  Drone  
  19  1:39  Drone  
  20  1:49  Overlord  
  20  2:01  Queen  
  20  2:04  Queen  
  20  2:05  Zergling x4  
  26  2:12  Drone  
  27  2:15  Drone  
  27  2:22  Drone  
  29  2:28  Drone  
  30  2:34  Drone  
  31  2:43  Hatchery, Drone  
  32  2:44  Drone  
  32  2:55  Overlord  
  32  2:56  Zergling x2  
  32  2:58  Queen  
  34  3:00  Zergling x2  
  35  3:17  Drone x8  
  42  3:21  Drone  
  42  3:23  Drone  
  43  3:29  Overlord  
  43  3:31  Lair  
  43  3:38  Roach Warren, Drone  
  43  3:48  Drone x4  
  44  3:49  Extractor, Drone  
  44  3:51  Drone  
  44  3:52  Drone  
  44  3:55  Overlord  
  49  3:57  Drone  
  49  3:59  Drone  
  51  4:02  Extractor  
  51  4:03  Drone  
  51  4:11  Overlord  
  51  4:14  Drone x2  
  51  4:16  Drone  
  54  4:19  Drone  
  54  4:21  Roach x4  
  54  4:24  Roach  
  65  4:27  Overlord  
  65  4:32  Evolution Chamber, Overseer  
  65  4:35  Roach x2  
  68  4:39  Overseer  
  68  4:40  Extractor  
  68  4:41  Overlord  
  68  4:43  Drone  
  68  4:44  Drone  
  69  4:47  Drone x2  
  69  4:51  Drone x3  
  74  4:57  Drone  
  74  4:58  Drone x2  
  74  4:59  Drone  
  77  5:04  Drone x3  
  80  5:08  Overlord  
  80  5:12  Glial Reconstitution, Zerg Melee Weapons Level 1  
  80  5:15  Drone x2  
  80  5:16  Extractor, Drone  
  80  5:19  Roach  
  80  5:20  Roach  
  86  5:22  Overlord  
  86  5:27  Drone x2  
  86  5:28  Drone x2  
  90  5:29  Drone  
  90  5:32  Overlord  
  91  5:36  Overlord  
  91  5:37  Roach  
  91  5:39  Overlord  
  91  5:42  Overlord  
  90  5:56  Overlord  
  88  5:59  Drone  
  88  6:00  Hydralisk Den  
  88  6:01  Baneling Nest, Drone x2  
  88  6:03  Drone  
  88  6:04  Drone x4  
  94  6:06  Overlord  
  94  6:07  Drone  
  95  6:11  Overlord  
  95  6:19  Overlord  
  95  6:29  Hatchery, Overlord  
  95  6:30  Muscular Augments  
  95  6:31  Drone  
  95  6:34  Extractor, Drone x2  
  95  6:35  Hydralisk  
  95  6:36  Hydralisk x3  
  95  6:38  Overlord  
  104  6:40  Hydralisk  
  104  6:45  Hydralisk x3  
  112  6:48  Overlord  
  112  6:50  Hydralisk  
  112  6:52  Hydralisk  
  116  6:54  Centrifical Hooks  
  116  7:02  Evolution Chamber  
  116  7:03  Hydralisk x3  
  116  7:05  Overlord  
  121  7:10  Zerg Melee Weapons Level 2  
  121  7:14  Overlord  
  121  7:15  Hydralisk x2  
  123  7:16  Hydralisk  
  127  7:27  Zerg Missile Weapons Level 1  
  127  7:36  Hydralisk x4  
  129  7:37  Zergling x6  
  137  7:47  Zergling x2  
  137  7:48  Zergling x18  
  137  7:50  Zergling x2  
  137  7:51  Zergling x4  
  150  7:52  Hatchery  
  149  7:59  Zergling x10  
  149  8:00  Metabolic Boost  
  154  8:11  Baneling x14  
  154  8:12  Baneling x7  
  154  8:13  Zergling x6  
  154  8:18  Zergling x8  
  161  8:26  Zergling x2  
  166  8:27  Zergling x14  
  166  8:33  Baneling x11  
  169  8:34  Baneling  
  169  8:35  Baneling x3  
  169  8:42  Zergling x10  
  169  8:46  Baneling x6  
  174  8:53  Zergling x14  
  181  9:00  Zergling x8  
  181  9:01  Zergling x4  
  183  9:13  Baneling x10  
  183  9:14  Zergling x2  
  183  9:15  Zergling x8  
  183  9:16  Overlord  
  185  9:23  Infestation Pit, Hydralisk x2  
  166  9:42  Zergling x2  
  160  9:46  Zergling x2  
  160  9:47  Zergling x4  
Tags
 
Add a new tag
Caveats
  • Supply blocks, unpowered buildings, or Contaminate may cause inaccurate times.
  • Supply counts are checked every 10 seconds.